 Dungeon Crawl Stone Soup version 0.30-a0-1160-g6e42c06551 (webtiles) character file.

Game seed: 1508825862043129672

296 BigDaddyOpFi the Digger (level 6, -5/24 HPs)
             Began as a Felid Earth Elementalist on Apr 25, 2023.
             Slain by Duvessa
             ... wielding a +0 short sword
              (9 damage)
             ... on level 4 of the Dungeon.
             The game lasted 00:04:54 (5331 turns).

BigDaddyOpFi the Digger (Felid Earth Elementalist)  Turns: 5331, Time: 00:04:55

Health: -5/24      AC:  0    Str:  4    XL:     6   Next: 12%
Magic:  7/12       EV: 21    Int: 19    God:
Gold:   251        SH:  0    Dex: 21    Spells: 8/12 levels left
                                        Lives:  0   Deaths: 1

rFire   . . .        (weapon unavailable)
rCold   . . .        (shield unavailable)
rNeg    . . .        (body armour unavailable)
rPois   .            (helmet unavailable)
rElec   .            (cloak unavailable)
rCorr   .            (gloves unavailable)
SInv    +            (boots unavailable)
Will    .....        (no amulet)
Stlth   +++          (ring currently unavailable)
HPRegen 0.24/turn    (ring currently unavailable)
MPRegen 0.13/turn

%: no passive effects
@: about to teleport, bat-form, flying, very slightly contaminated, very quick
A: fast, flying, no casting, tiny, (claws 1), (fangs 3), see invisible, (speed
1), (shaggy fur 2), (stealthy paws), no weapons or thrown items, no armour,
multi-lived
a: no special abilities


You were on level 4 of the Dungeon.
You were a bat.
You visited 1 branch of the dungeon, and saw 4 of its levels.

You collected 251 gold pieces.

Inventory:

Scrolls
 j - a scroll of magic mapping
Potions
 a - a potion of magic
 b - a potion of might
 c - a potion of flight {unknown}
 d - 2 potions of attraction
 e - a potion of brilliance {unknown}
 h - 2 potions of heal wounds {unknown}
 k - a potion of curing {unknown}
 l - a potion of lignification {unknown}
 m - a potion of degeneration {unknown}


   Skills:
 - Level 2.9 Dodging
 - Level 3.0 Stealth
 + Level 3.7 Spellcasting
 * Level 3.5 Conjurations
 - Level 2.0 Transmutations
 + Level 4.1 Earth Magic


You had 8 spell levels left.
You knew the following spells:

 Your Spells              Type           Power      Damage    Failure   Level
a - Sandblast             Erth           38%        2d10      2%          1
b - Stone Arrow           Conj/Erth      36%        3d9       9%          3

Your spell library contained the following spells:

 Spells                   Type           Power      Damage    Failure   Level
 Passwall                 Tmut/Erth      12%        N/A       6%          2
 Petrify                  Tmut/Erth      15%        N/A       36%         4


Dungeon Overview and Level Annotations

Branches:
Dungeon (4/15)
 Temple: D:4-7

Altars:
Gozag

Annotations:
D:4 Dowan, Duvessa


Innate Abilities, Weirdness & Mutations

You are a bat.
You are tiny and dextrous.
You move quickly.
You are flying.
You cannot cast spells.
((You have sharp claws.))
((You have razor-sharp teeth.))
You have supernaturally acute eyesight. (SInv)
((You cover ground quickly. (Speed+)))
((You are covered in thick fur. (AC +2)))
((Your paws help you pounce on unaware monsters.))
You are incapable of wielding weapons or throwing items.
You cannot wear armour.
You gain extra lives every three experience levels.


Message History

You start waiting.
Done waiting.
You start waiting.
Duvessa is nearby!
Duvessa is nearby!
Casting: Stone Arrow (quite dangerous; 9% risk of failure)
Confirm with . or Enter, or press ? or * to list all spells.
Aiming: Stone Arrow (quite dangerous; 9% risk of failure)
Press: ? - help, Shift-Dir - straight line, f - Duvessa
Aim: Duvessa, wielding a +0 short sword, wearing a +0 ring mail and carrying a wand of polymorph (4) (wandering, hasn't noticed you, 77% to hit)
You miscast Stone Arrow.
You are very lightly contaminated with residual magic.
Nothing appears to happen.
Duvessa shouts!
You hear a shout!
Duvessa says, "Practise, practise, practise!
One day you'll be as good as me."
Casting: Stone Arrow (quite dangerous; 9% risk of failure)
Confirm with . or Enter, or press ? or * to list all spells.
Aiming: Stone Arrow (quite dangerous; 9% risk of failure)
Press: ? - help, Shift-Dir - straight line, f/p - Duvessa
Aim: Duvessa, wielding a +0 short sword, wearing a +0 ring mail and carrying a wand of polymorph (4) (77% to hit)
The stone arrow hits Duvessa!
Duvessa is moderately wounded.
Duvessa zaps a wand.
You turn into a bat.
You can't do that in your present form.
Duvessa hits you with a +0 short sword!
There is a stone staircase leading up here.
Duvessa hits you with a +0 short sword.
Dowan shouts!
You hit Duvessa but do no damage.
Duvessa is moderately wounded.
Duvessa completely misses you.
You hit Duvessa but do no damage.
Duvessa is moderately wounded.
Dowan hits you with a +0 dagger!
* * * LOW HITPOINT WARNING * * *
Duvessa barely misses you.
As you read the scroll of teleportation, it crumbles to dust.
You feel strangely unstable. Dowan barely misses you.
Duvessa hits you with a +0 short sword!
You die...

#############
#............
#.###########
######## #.#
###......# ##'######
.........# #.......#
##......###.......#
#......be.'...)...#
#......e###....)..#
#.#....<# #.....[.#
#.##.##
#.......###### # #.#
##.......'.....
.............######
.......#####'##.#<[.
........ ##'##.[...
.....#### #...#.####


You could see Duvessa and Dowan.

Vanquished Creatures
  Eustachio (D:4)
  A vampire bat (D:4)
  An iguana (D:4)
  Natasha (thrice) (D:3)
  3 adders
  A dart slug (D:2)
  8 orcs (D:4)
  11 bats
  9 endoplasms
  A giant cockroach (D:1)
  14 goblins
  9 hobgoblins
  6 kobolds
  3 quokkas
  5 ball pythons
  4 rats
80 creatures vanquished.

Vanquished Creatures (others)
  71 plants (D:4)
71 creatures vanquished.

Grand Total: 151 creatures vanquished

Notes
Turn   | Place    | Note
-------+----------+-------------------------------------------
     0 | D:1      | BigDaddyOpFi the Felid Earth Elementalist began the quest
                  | for the Orb.
     0 | D:1      | Reached XP level 1. HP: 7/7 MP: 4/4
   151 | D:1      | Reached XP level 2. HP: 11/11 MP: 0/6
   382 | D:1      | Found a faded altar of an unknown god.
   652 | D:2      | Reached skill level 3 in Earth Magic
   731 | D:2      | Reached XP level 3. HP: 14/14 MP: 5/7
  1109 | D:2      | Learned a level 3 spell: Stone Arrow
  1920 | D:3      | Noticed Natasha
  1929 | D:3      | Reached skill level 1 in Conjurations
  1929 | D:3      | Reached XP level 4. HP: 9/18 MP: 1/9
  1935 | D:3      | Killed Natasha
  2040 | D:3      | Noticed Natasha
  2216 | D:3      | Killed Natasha
  2345 | D:3      | Noticed Natasha
  2351 | D:3      | Killed Natasha
  2352 | D:3      | Reached XP level 5. HP: 17/21 MP: 0/10
  2461 | D:3      | Found an opulent altar of Gozag.
  2696 | D:4      | Noticed Eustachio
  2701 | D:4      | Slain by Eustachio
  2702 | D:4      | Reached XP level 4. HP: -3/18 MP: 4/9
  3727 | D:4      | Reached XP level 5. HP: 18/21 MP: 4/11
  4020 | D:4      | Killed Eustachio
  4021 | D:4      | Reached skill level 4 in Earth Magic
  4021 | D:4      | Gained mutation: You are covered in thick fur. (AC +2)
                  | [Felid growth]
  4021 | D:4      | Reached XP level 6. HP: 10/24 MP: 1/12
  4454 | D:4      | Noticed Dowan
  4455 | D:4      | Noticed Duvessa
  5331 | D:4      | Slain by Duvessa

Illustrated notes

Levels and vault maps discovered:
D:1:      minmay_arrival_wavy_path, layout_rooms, nicolae_ecumenical_lake_church
D:2:      kennysheep_the_goblin_king, layout_basic, minmay_tetromino_s2
D:3:      layout_rooms, general_overflow_altar, uniq_natasha
D:4:      kennysheep_kobold_camp, layout_basic, roderic_batcave,
          minmay_misc_feat_enclosed, uniq_eustachio, uniq_duvessa,
          uniq_crazy_yiuf_cottage

Skill      XL: |  1  2  3  4  5 |
---------------+----------------+-----
Stealth        | 3 |  3.0
Earth Magic    | 3 4 |  4.1
Transmutations | 2 |  2.0
Conjurations   | 1 2 3 |  3.5
Spellcasting   | 3 |  3.7
Dodging        | |  2.9

Action                     |  1- 3 |  4- 6 || total
---------------------------+-------+-------++-------
  Melee: Unarmed           |     1 |    10 ||    11
         Bite              |       |     1 ||     1
   Cast: Sandblast         |    63 |    34 ||    97
         Stone Arrow       |     1 |    30 ||    31
    Use: Scroll            |       |     8 ||     8
         Potion            |       |     4 ||     4
 Armour: Skin              |     2 |     5 ||     7
  Dodge: Dodged            |    24 |    61 ||    85

Table legend: (Time is in decaauts)
 A = Elapsed time spent in this place.
 B = Non-inter-level travel time spent in this place.
 C = Inter-level travel time spent in this place.
 D = Time resting spent in this place.
 E = Time spent auto-exploring this place.
 F = Levels seen in this place.
 G = Mean time per level.
                   A        B        C        D        E       F      G
               +--------+--------+--------+--------+--------+-----+--------+
         Total |   4999 |   4954 |     45 |   2408 |   2041 |   4 | 1249.8 |
       Dungeon |   4999 |   4954 |     45 |   2408 |   2041 |   4 | 1249.8 |
               +--------+--------+--------+--------+--------+-----+--------+

Top non-repeatable levels by time:
     D:3: 2179 daAuts
     D:4: 1337 daAuts
     D:2: 945 daAuts
     D:1: 537 daAuts
